 Dungeon Crawl Stone Soup version 0.28-a0-792-g75f770b44e (webtiles) character file.

Game seed: 739694642845920263

175 Lemonice the Sneak (level 5, 0/32 HPs)
             Began as an Octopode Earth Elementalist on Nov 3, 2021.
             Succumbed to an adder's poison
             ... on level 3 of the Dungeon.
             The game lasted 00:06:12 (4417 turns).

Lemonice the Sneak (Octopode Earth Elementalist)    Turns: 4417, Time: 00:06:12

Health: 0/32       AC:  1    Str:  8    XL:     5   Next: 55%
Magic:  2/8        EV: 13    Int: 24    God:
Gold:   112        SH:  0    Dex: 12    Spells: 4/8 levels left

rFire   . . .      SeeInvis .   f - +0 dagger
rCold   . . .      Faith    .   (no shield)
rNeg    . . .      Spirit   .   (helmet restricted)
rPois   .          Reflect  .   (no amulet)
rElec   .          Harm     .   k - +6 ring of intelligence
rCorr   .          Rampage  .   (no ring)
Will    .....                   (no ring)
Stlth   ++++......              (no ring)
HPRegen 0.10/turn               (no ring)
MPRegen 0.11/turn               (no ring)
                                (no ring)
                                (no ring)

@: brilliant, lethally poisoned (0 -> -5), attractive
A: almost no armour, amphibious, 8 rings, camouflage 1, gelatinous body 1,
(nimble swimmer 1), tentacles
a: no special abilities


You were on level 3 of the Dungeon.
You visited 1 branch of the dungeon, and saw 4 of its levels.

You collected 112 gold pieces.

Inventory:

Hand Weapons
 f - a +0 dagger (weapon)
Missiles
 b - 129 stones
Jewellery
 k - a +6 ring of intelligence (left tentacle)
Wands
 h - a wand of charming (8)
Scrolls
 a - a scroll of silence {unknown}
 e - 5 scrolls of teleportation {unknown}
 g - a scroll of magic mapping {unknown}
 i - 5 scrolls of enchant armour {unknown}
 j - a scroll of vulnerability {unknown}
 l - a scroll of enchant weapon {unknown}
Potions
 c - a potion of brilliance
 d - a potion of attraction


   Skills:
 + Level 0.8 Fighting
 + Level 1.4 Short Blades
 + Level 2.9 Dodging
 + Level 5.4 Stealth
 + Level 1.2 Unarmed Combat
 + Level 2.1 Spellcasting
 + Level 1.0 Transmutations
 + Level 3.4 Earth Magic


You had 4 spell levels left.
You knew the following spells:

 Your Spells              Type           Power      Damage    Failure   Level
a - Sandblast             Erth           56%        2d13      3%          1
b - Stone Arrow           Conj/Erth      32%        3d9       17%         3

Your spell library contained the following spells:

 Spells                   Type           Power      Damage    Failure   Level
 Passwall                 Tmut/Erth      15%        N/A       7%          2
 Static Discharge         Conj/Air       3%         N/A       19%         2
 Petrify                  Tmut/Erth      19%        N/A       43%         4
 Dispel Undead            Necr           3%         3d7       75%         4
 Sticky Flame             Conj/Fire      3%         2d3       75%         4


Dungeon Overview and Level Annotations

Branches:
Dungeon (4/15)
 Temple: D:4-7

Altars:

Shops:
D:1 =

Annotations:
D:2 1 runed translucent door, Crazy Yiuf, Sigmund


Innate Abilities, Weirdness & Mutations

You cannot wear most types of armour.
You are amphibious.
You can wear up to eight rings at the same time.
Your skin changes colour to match your surroundings (Stealth+).
Your rubbery body absorbs attacks. (AC +1, EV +1)
((You are camouflaged near water. (Stealth+)))
You have tentacles for arms and can constrict up to eight enemies at once.


Message History

There is a stone staircase leading down here.
You miss the adder. Your grab misses the adder. Your squeeze misses the adder.
The adder bites you.
You are poisoned.
The adder poisons you!
You completely miss the adder. You grab the adder.
Your squeeze misses the adder. You constrict the adder.
You feel sick. The adder closely misses you.
You hit the adder but do no damage.
The adder is lightly wounded.
You constrict the adder.
You feel sick. The adder bites you but does no damage. The adder bites you.
You hit the adder but do no damage.
The adder is lightly wounded.
You constrict the adder.
You feel sick. The adder bites you.
You are more poisoned.
The adder poisons you!
You hit the adder.
The adder is heavily wounded.
You constrict the adder.
You feel sick. The adder bites you.
You are lethally poisoned!
The adder poisons you!
You hit the adder but do no damage. You squeeze the adder.
The adder is severely wounded.
You constrict the adder.
* * * LOW HITPOINT WARNING * * *
You feel very sick. The adder bites you.
* * * LOW HITPOINT WARNING * * *
You hit the adder.
You kill the adder!
* * * LOW HITPOINT WARNING * * *
You feel sick.
It was a potion of brilliance.
You feel clever all of a sudden.
* * * LOW HITPOINT WARNING * * *
You feel sick.
It was a potion of attraction.
You feel attractive to monsters.
You die...

...##...#
##.#.#......#
...##...#
#.#.#......#
...######
#...##.....#
...######
#...########
........#
#...##### ##
...####.#
#.......# #. ####
#.# ##..###.# #.
#.#######÷.# #.#
#. ## #........÷@#
#.# #. .#
#..######### #.#
#. .# #..........#
#.# #.
.#######.#######.#
#.# #. .....†...#
#.# #.# ##### ##
########## #.# #.#
#...# #)#
#.#####.#.#### #.#
#.......#..... #.#
##############


There were no monsters in sight!

Vanquished Creatures
  A hound (D:3)
  An iguana (D:3)
  Natasha (D:4)
  4 adders
  A worm (D:3)
  3 orcs
  4 bats
  5 endoplasms
  A giant cockroach (D:2)
  6 goblins
  2 hobgoblins
  3 jackals (D:2)
  4 quokkas
  6 ball pythons
  2 frilled lizards (D:3)
  5 kobolds
  2 rats (D:1)
51 creatures vanquished.

Notes
Turn   | Place    | Note
-------+----------+-------------------------------------------
     0 | D:1      | Lemonice the Octopode Earth Elementalist began the quest
                  | for the Orb.
     0 | D:1      | Reached XP level 1. HP: 11/11 MP: 3/3
   718 | D:1      | Reached XP level 2. HP: 7/17 MP: 5/5
  1312 | D:1      | Reached skill level 3 in Stealth
  1485 | D:1      | Found Redaopru's Jewellery Emporium.
  1712 | D:2      | Reached skill level 1 in Unarmed Combat
  1712 | D:2      | Reached XP level 3. HP: 16/21 MP: 6/6
  1924 | D:2      | Noticed Sigmund
  2478 | D:2      | Found a runed translucent door.
  2479 | D:2      | Noticed Crazy Yiuf
  2551 | D:2      | Learned a level 3 spell: Stone Arrow
  2938 | D:3      | Reached XP level 4. HP: 21/27 MP: 7/7
  3018 | D:3      | Found a faded altar of an unknown god.
  3454 | D:3      | Reached skill level 1 in Short Blades
  3454 | D:3      | Reached skill level 4 in Stealth
  4033 | D:3      | Reached XP level 5. HP: 29/32 MP: 1/8
  4105 | D:4      | Noticed Natasha
  4386 | D:4      | Killed Natasha
  4387 | D:4      | Reached skill level 5 in Stealth
  4416 | D:3      | HP: 1/32 [poisoned by an adder]
  4417 | D:3      | Succumbed to an adder's poison

Illustrated notes

Levels and vault maps discovered:
D:1:      psy_arrival_fountain, layout_loops_cross, serial_shops, shop
D:2:      layout_loops_corners, uniq_sigmund, uniq_crazy_yiuf_cottage
D:3:      layout_basic, chequers_ecumenical_altar_island
D:4:      layout_cave_pools, serial_shops, shop, uniq_natasha, uniq_edmund

Skill      XL: |  1  2  3  4  5 |
---------------+----------------+-----
Stealth        | 3 4 5 |  5.4
Unarmed Combat | 1 |  1.2
Short Blades   | 1 |  1.4
Fighting       | |  0.8
Dodging        | |  2.9
Spellcasting   | |  2.1
Transmutations | |  1.0
Earth Magic    | |  3.4

Action                   |  1- 3 |  4- 6 || total
-------------------------+-------+-------++-------
Melee: Unarmed           |    47 |       ||    47
       Constrict         |    19 |     7 ||    26
       Tentacles         |    12 |     9 ||    21
       Dagger            |    56 |    63 ||   119
 Cast: Stone Arrow       |       |     4 ||     4
  Use: Potion            |       |     2 ||     2
 Stab: Sleeping          |    16 |     4 ||    20
Armor: Skin              |     8 |     3 ||    11
Dodge: Dodged            |    64 |    36 ||   100

Table legend: (Time is in decaauts)
 A = Elapsed time spent in this place.
 B = Non-inter-level travel time spent in this place.
 C = Inter-level travel time spent in this place.
 D = Time resting spent in this place.
 E = Time spent auto-exploring this place.
 F = Levels seen in this place.
 G = Mean time per level.
                   A        B        C        D        E       F      G
               +--------+--------+--------+--------+--------+-----+--------+
         Total |   4426 |   4291 |    135 |      0 |   3526 |   4 | 1106.5 |
       Dungeon |   4426 |   4291 |    135 |      0 |   3526 |   4 | 1106.5 |
               +--------+--------+--------+--------+--------+-----+--------+

Top non-repeatable levels by time:
     D:3: 1655 daAuts
     D:1: 1604 daAuts
     D:2: 1105 daAuts
     D:4: 60 daAuts
